 Dungeon Crawl Stone Soup version 0.24.0-10-g970556be89 (webtiles) character file.

Game seed: 593836239554689056, levelgen mode: deterministic

93 LostNumber the Vandal (level 4, 0/30 HPs)
             Began as an Octopode Hunter on Nov 3, 2019.
             Slain by a gnoll
             ... wielding a +1 whip of pain
              (4 damage)
             ... on level 2 of the Dungeon.
             The game lasted 00:02:26 (1920 turns).

LostNumber the Vandal (Octopode Hunter)             Turns: 1920, Time: 00:02:27

Health: 0/30       AC:  1    Str: 11    XL:     4   Next: 62%
Magic:  4/4        EV: 13    Int: 13    God:
Gold:   78         SH:  0    Dex: 13    Spells: 3/3 levels left

rFire    . . .     SeeInvis .   b - +0 short sword
rCold    . . .     Gourm    .   (no shield)
rNeg     . . .     Faith    .   (helmet restricted)
rPois    .         Spirit   .   (no amulet)
rElec    .         Reflect  .   (no ring)
rCorr    .         Harm     .   (no ring)
MR       .....                  (no ring)
Stlth    +++.......             (no ring)
HPRegen  0.10/turn              (no ring)
MPRegen  0.09/turn              (no ring)
                                (no ring)
                                (no ring)

@: no status effects
A: almost no armour, stealthy swim, amphibious, 8 rings, constrict 8, camouflage
1, gelatinous body 1
a: no special abilities


You were on level 2 of the Dungeon.
You were not hungry.

You visited 1 branch of the dungeon, and saw 2 of its levels.

You collected 78 gold pieces.

Inventory:

Hand Weapons
 a - a +0 hunting sling of velocity
   (You took it off a goblin on level 2 of the Dungeon)
 b - a +0 short sword (weapon)
 m - a +1 hunting sling
Missiles
 c - 44 sling bullets
 f - 83 stones (quivered)
Scrolls
 d - 2 scrolls of remove curse {unknown}
 k - a scroll of enchant weapon {unknown}
 l - a scroll of fog {unknown}
Potions
 h - a potion of degeneration {unknown}
 i - a potion of heal wounds {unknown}
 j - a potion of ambrosia {unknown}
Comestibles
 e - 2 rations {!d}


   Skills:
 + Level 2.7 Fighting
 + Level 1.2 Short Blades
 * Level 4.9 Slings
 - Level 2.0 Dodging
 + Level 3.1 Stealth


You had 3 spell levels left.
You didn't know any spells.
Your spell library was empty.

Dungeon Overview and Level Annotations

Branches:
Dungeon (2/15)

Altars:


Innate Abilities, Weirdness & Mutations

You cannot wear most types of armour.
You are very stealthy in the water. (Stealth+)
You are amphibious.
You can wear up to eight rings at the same time.
You can use your tentacles to constrict eight enemies at once.
Your skin changes colour to match your surroundings (Stealth+).
Your rubbery body absorbs attacks. (AC +1, EV +1)


Message History

You see here a bat skeleton.
Unknown command.
There is a stone staircase leading up here.
The gnoll barely misses you.
You climb upwards.
There is a stone staircase leading down here.
b - a +0 short sword (weapon)
The gnoll hits you!
* * * LOW HITPOINT WARNING * * *
You hit the gnoll. You grab the gnoll. You constrict the gnoll.
The gnoll barely misses you.
You hit the gnoll. You constrict the gnoll. The gnoll hits you!
* * * LOW HITPOINT WARNING * * *
You hit the gnoll.
You kill the gnoll!
Your Stealth skill increases to level 3!
You start resting.
Some of the chunks of flesh in your inventory have rotted away.
Eating a chunk of flesh.
You eat the chunk of flesh.
You climb downwards.
There is a stone staircase leading up here.
The gnoll hits you with a +0 halberd.
You hit the gnoll but do no damage. You grab the gnoll.
You constrict the gnoll, but do no damage.
The gnoll barely misses you.
You barely miss the gnoll. You constrict the gnoll.
The gnoll hits you with a +0 halberd!!
Ouch! That really hurt!
* * * LOW HITPOINT WARNING * * *
You hit the gnoll. You squeeze the gnoll. You constrict the gnoll.
Unknown command.
You hit the gnoll. You constrict the gnoll.
You kill the gnoll!
Unknown command.
Here: a gnoll, wielding a +1 whip of pain A +0 halberd.
There is something else lying underneath.
The floor.
Unknown command.
The gnoll throws a throwing net.
The throwing net hits you.
You become entangled in the net!
You see here a throwing net {!f}.
You struggle against the net.
You struggle against the net.
The gnoll hits you with a +1 whip of pain!
* * * LOW HITPOINT WARNING * * *
You struggle against the net.
The gnoll hits you but does no damage.
You rip the net and break free!
The gnoll hits you with a +1 whip of pain.
You die...

######.#.### #.# #.#.# #.#
#.#.. ..# #.#### ### #.#
### #)# #..
..#######.########## #.#
#........g.........#
#.######.#######@########.#
#.##.)...# ##.<.## #.#
#.##.###.# #.....#
#.####### #.##.# #.#
##...## #)##.....
#.##.###รท# ##.## #.##.###.
#........# #.# #.##.###.
####.##### #.# #.....##.
#.# ##'## ####..##.
####.###### ##...## #..##.


You could see a gnoll.

Vanquished Creatures
  3 gnolls
  An adder (D:2)
  A worm (D:2)
  A dart slug (D:1)
  3 leopard geckos (D:1)
  A ball python (D:1)
  2 giant cockroaches (D:1)
  6 goblins
  6 hobgoblins (D:1)
  2 quokkas (D:2)
  6 bats
  A frilled lizard (D:1)
  8 kobolds
  4 rats (D:1)
45 creatures vanquished.

Notes
Turn   | Place    | Note
-------+----------+-------------------------------------------
     0 | D:1      | LostNumber the Octopode Hunter began the quest for the Orb.
     0 | D:1      | Reached XP level 1. HP: 14/14 MP: 1/1
   149 | D:1      | Reached XP level 2. HP: 12/19 MP: 2/2
   601 | D:1      | Reached XP level 3. HP: 25/25 MP: 3/3
   697 | D:1      | You fall into a shaft and drop 1 floor!
  1378 | D:1      | Reached skill level 1 in Short Blades
  1378 | D:1      | Reached XP level 4. HP: 19/30 MP: 4/4
  1622 | D:1      | HP: 1/30 [gnoll (7)]
  1920 | D:2      | Slain by a gnoll

Levels and vault maps discovered:
D:1:      wander_arrival_peaceful_grave, layout_loops_ring
D:2:      layout_loops_corners, first_ration, nemelex_lonely_heart_becter,
          uniq_robin

Skill      XL: |  1  2  3  4 |
---------------+-------------+-----
Stealth        | 2 3 |  3.1
Short Blades   | 1 |  1.2
Fighting       | |  2.7
Slings         | |  4.9
Dodging        | |  2.0

Action                   |  1- 3 |  4- 6 || total
-------------------------+-------+-------++-------
Melee: Short sword       |    62 |    11 ||    73
       Constrict         |    17 |     3 ||    20
       Tentacles         |     9 |     2 ||    11
 Fire: Hunting sling     |     1 |    13 ||    14
 Stab: Sleeping          |    13 |     3 ||    16
  Eat: Chunk             |     1 |     2 ||     3
Armor: Skin              |     5 |       ||     5
Dodge: Dodged            |    29 |     9 ||    38
